 Dungeon Crawl Stone Soup version 0.22-a0-799-g88f5e907b7 (webtiles) character file.

2437 Bergy the Cleaver (level 9, -1/78 HPs)
             Began as a Hill Orc Fighter on July 21, 2018.
             Splashed by a centaur's acid (16 damage)
             ... on level 6 of the Dungeon.
             The game lasted 00:38:10 (6165 turns).

Bergy the Cleaver (Hill Orc Fighter)                Turns: 6165, Time: 00:38:14

Health: -1/78      AC:  6    Str: 22    XL:     9   Next: 49%
Magic:  18/18      EV:  8    Int:  8    God:
Gold:   236        SH:  0    Dex: 10    Spells: 8/8 levels left

rFire    . . .     SeeInvis .   I - +1 battleaxe (holy)
rCold    . . .     Gourm    .   (shield currently unavailable)
rNeg     . . .     Faith    .   p - +2 chain mail {rPois}
rPois    +         Spirit   .   L - +0 helmet
rElec    .         Reflect  .   (no cloak)
rCorr    .         Harm     .   (no gloves)
MR       .....                  (no boots)
Stlth    ..........             (no amulet)
HPRegen  0.23/turn              s - +1 ring of slaying
MPRegen  0.16/turn              y - ring of magical power

@: corroded
A: no striking features
a: no special abilities


You were on level 6 of the Dungeon.
You were not hungry.

You visited 1 branch of the dungeon, and saw 6 of its levels.

You collected 291 gold pieces.
You spent 55 gold pieces at shops.

Inventory:

Hand Weapons
 a - a +1 war axe
 b - a +0 hunting sling
 E - a +2 short sword of venom
 H - a +2 whip of freezing
 I - a +1 battleaxe of holy wrath (weapon)
Missiles
 g - 211 stones (quivered)
 h - 32 sling bullets
Armour
 c - a +0 shield
 o - a +0 plate armour
 p - a +2 chain mail of poison resistance (worn)
 L - a +0 helmet (worn)
Jewellery
 s - a +1 ring of slaying (left hand)
 x - an uncursed ring of flight {unknown}
 y - a ring of magical power (right hand)
 J - an uncursed amulet of the gourmand {unknown}
Wands
 l - a wand of acid (8)
 z - a wand of flame (21)
Scrolls
 e - a scroll of blinking {unknown}
 i - a scroll of fog {unknown}
 j - 2 scrolls of remove curse {unknown}
 k - 2 scrolls of fear
 m - 2 scrolls of enchant weapon
 q - 2 scrolls of amnesia {unknown}
 u - a scroll of enchant armour {unknown}
 w - 3 scrolls of teleportation {unknown}
 A - a scroll of immolation {unknown}
 C - 2 scrolls of identify
 G - a scroll of magic mapping {unknown}
Potions
 d - 4 potions of might
 n - a potion of berserk rage {unknown}
 r - 2 potions of heal wounds
 t - a potion of curing
 v - a potion of brilliance
 B - a potion of cancellation {unknown}
 D - a potion of agility {unknown}
 F - a potion of magic {unknown}
Comestibles
 f - 10 rations
 K - 2 chunks of flesh


   Skills:
 + Level 6.7 Fighting
 + Level 11.2 Axes
 + Level 1.1 Slings
 * Level 7.8 Armour
 - Level 0.1 Stealth
 - Level 5.4 Shields


You had 8 spell levels left.
You didn't know any spells.
Your spell library contained the following spells:

 Spells                   Type           Power        Failure   Level  Hunger
 Regeneration             Chrm/Necr      #.........   100%        3    ####...
 Shroud of Golubria       Chrm/Tloc      #.........   99%         2    ###....
 Infusion                 Chrm           #...         96%         1    ##.....
 Song of Slaying          Chrm           #.......     99%         2    ###....
 Spectral Weapon          Hex/Chrm       #.......     100%        3    ####...


Dungeon Overview and Level Annotations

Branches:
Dungeon (6/15)
 Temple: D:4-7

Altars:
Dithmenos
Elyvilon
Fedhas
Hepliaklqana
Nemelex Xobeh
Wu Jian
Zin

Shops:
D:4 !


Message History

The centaur hits you.
The centaur zaps a wand.
The bolt of acid hits you! The acid corrodes you!
You are splashed with acid!
The acid burns!
You are too injured to fight recklessly!
A worker ant comes into view.
The worker ant twitches its antennae in your direction.
The centaur wields an uncursed shortbow.
The centaur shoots an arrow.
The arrow barely misses you.
The arrow hits the worker ant!
The centaur zaps a wand.
The bolt of acid hits you!
You are splashed with acid!
The acid burns!
* * * LOW HITPOINT WARNING * * *
You see here an arrow.
The centaur shoots an arrow.
The arrow closely misses you.
The centaur shoots an arrow.
The arrow closely misses you.
You closely miss the worker ant.
The worker ant is severely wounded.
The worker ant bites you but does no damage.
The centaur zaps a wand.
The bolt of acid hits you!
* * * LOW HITPOINT WARNING * * *
The acid corrodes you!
You are splashed with acid!
The acid burns!
You die...

### #### ### #.. ..# ##.####
#.# #.####.....##########
#.#####...<....<(.(.(((....
#.#...#..###..../#.########
#######.#...#..# #.c..#..#
.....>......#..###....##(##
######.........#@.(.....>.#
#...........>...a.(........#
#.####.......(.#(........$.#
#.####..#...#..##.....##...#
........#...#..(..(.........
######.##...##.##.....##.:###
#.#######.##..#####..# #.#
#...... .... .# ####..#.


You could see a centaur and a worker ant.

Vanquished Creatures
  Pikel (D:5)
  Grinder (D:6)
  The ghost of shruggingcutely the Ruffian, an amateur DrTm (D:4)
  A shadow (D:6)
  Duvessa (D:4)
  A sky beast (D:6)
  3 ogres (D:4)
  A slave (D:5)
  A centaur (D:6)
  Blork the orc (D:5)
  A bullfrog (D:6)
  Dowan (D:4)
  A scorpion (D:4)
  An electric eel (D:6)
  3 crimson imps (D:5)
  2 hounds
  Terence (D:2)
  3 orc wizards (D:3)
  2 worker ants (D:4)
  A mummy (D:4)
  A worker ant zombie (D:4)
  8 gnolls
  13 adders
  An adder skeleton (D:4)
  2 dart slugs
  4 leopard geckos
  14 orcs
  7 bats
  6 giant cockroaches
  8 goblins
  5 hobgoblins
  7 jackals
  A quokka (D:3)
  2 ball pythons (D:1)
  6 frilled lizards
  7 kobolds
  2 kobold zombies (D:4)
  3 leopard gecko skeletons
  2 orc zombies (D:4)
  8 rats
135 creatures vanquished.

Notes
Turn   | Place    | Note
-------+----------+-------------------------------------------
     0 | D:1      | Bergy the Hill Orc Fighter began the quest for the Orb.
     0 | D:1      | Reached XP level 1. HP: 19/19 MP: 1/1
   160 | D:1      | Reached XP level 2. HP: 20/27 MP: 2/2
   439 | D:1      | Reached skill level 3 in Axes
   514 | D:1      | Reached XP level 3. HP: 33/33 MP: 3/3
  1035 | D:1      | Reached skill level 4 in Axes
  1035 | D:1      | Reached XP level 4. HP: 16/40 MP: 4/4
  1383 | D:2      | Noticed Terence
  1400 | D:2      | Killed Terence
  1693 | D:2      | Reached skill level 5 in Axes
  1860 | D:2      | Reached XP level 5. HP: 46/46 MP: 5/5
  2375 | D:3      | Reached XP level 6. HP: 17/53 MP: 6/6
  2841 | D:3      | Found a hazy altar of Hepliaklqana.
  2841 | D:3      | Found a blossoming altar of Fedhas.
  2852 | D:3      | Found a shadowy altar of Dithmenos.
  2873 | D:3      | Found a glowing silver altar of Zin.
  2878 | D:3      | Found a sparkling altar of Nemelex Xobeh.
  2882 | D:3      | Found a white marble altar of Elyvilon.
  3012 | D:3      | Reached skill level 6 in Axes
  3172 | D:4      | Found Ucla's Distillery.
  3177 | D:4      | Reached skill level 1 in Slings
  3274 | D:4      | Bought a potion of heal wounds for 55 gold pieces
  3364 | D:4      | Reached XP level 7. HP: 51/60 MP: 7/7
  3401 | D:4      | Reached skill level 5 in Armour
  3689 | D:4      | Noticed Dowan
  3689 | D:4      | Noticed Duvessa
  3723 | D:4      | HP: 3/60 [poisoned by Duvessa]
  3725 | D:4      | HP: 1/60 [poisoned by Duvessa]
  4030 | D:4      | Reached skill level 5 in Fighting
  4030 | D:4      | Reached skill level 7 in Axes
  4193 | D:4      | Killed Duvessa
  4193 | D:4      | Reached skill level 5 in Shields
  4425 | D:4      | Killed Dowan
  4551 | D:4      | Reached XP level 8. HP: 67/68 MP: 8/8
  4618 | D:4      | Found a runed gate.
  4618 | D:4      | Found a runed gate.
  4621 | D:4      | Found a runed gate.
  4633 | D:4      | Noticed shruggingcutely's ghost (amateur DrTm)
  4651 | D:4      | Killed shruggingcutely's ghost
  4651 | D:4      | Reached skill level 8 in Axes
  4718 | D:5      | Entered Level 5 of the Dungeon
  4718 | D:5      | Noticed Blork the orc
  4855 | D:5      | Killed Blork the orc
  5243 | D:5      | Noticed Pikel
  5250 | D:5      | Killed Pikel
  5250 | D:5      | Reached skill level 10 in Axes
  5250 | D:5      | Reached XP level 9. HP: 66/75 MP: 9/9
  5408 | D:6      | Noticed Grinder
  5417 | D:6      | Paralysed by Grinder for 3 turns
  5425 | D:6      | Killed Grinder
  5926 | D:6      | Found an ornate altar of the Wu Jian Council.
  5936 | D:6      | Reached skill level 11 in Axes
  6165 | D:6      | Splashed by a centaur's acid

Vault maps used:
D:1:      eino_arrival_water_star
D:2:      uniq_terence
D:3:      cheibrodos_helix_gallery, minitemple, first_ration, st_stairs_14
D:4:      gammafunk_ghost_necromancy, serial_shops, shop, minmay_mini_ossuary,
          uniq_duvessa
D:5:      uniq_blork_the_orc, uniq_pikel
D:6:      nicolae_overflow_crystal_walls, minmay_temple_entry_butterflies,
          nicolae_water_bricks, uniq_grinder

Skill      XL: |  1  2  3  4  5  6  7  8  9 |
---------------+----------------------------+-----
Axes           | 3 4 5 6 7 10 11 | 11.2
Fighting       | 4 5 6 |  6.7
Armour         | 4 5 7 |  7.8
Shields        | 4 5 |  5.4
Slings         | 1 |  1.1
Stealth        | |  0.1

Action                   |  1- 3 |  4- 6 |  7- 9 || total
-------------------------+-------+-------+-------++-------
Melee: War axe           |    83 |   191 |   130 ||   404
       Battleaxe         |       |       |    91 ||    91
 Fire: Hunting sling     |       |    11 |       ||    11
  Use: Scroll            |       |     5 |     2 ||     7
       Potion            |       |     1 |     4 ||     5
  Eat: Chunk             |       |     5 |     3 ||     8
       Ration            |       |     1 |     2 ||     3
Armor: Scale mail        |    41 |       |       ||    41
       Plate armour      |       |   175 |    71 ||   246
       Chain mail        |       |       |    76 ||    76
Dodge: Dodged            |    28 |    32 |    57 ||   117
Block: Shield            |    37 |   110 |    74 ||   221

Table legend:
 A = Spawn XP
 B = Non-spawn XP
 C = Spawn XP percentage of total XP
 D = Spawn monster count
 E = Non-spawn monster count
 F = Spawn count percentage of total count
 G = Total turns spent on level
                    A         B        C        D         E        F      G
               +---------+---------+-------+---------+---------+-------+---------
         Total |       0 |    3482 |   0.0 |       0 |     134 |   0.0 |  6165
               +---------+---------+-------+---------+---------+-------+---------
           D:1 |       0 |      60 |   0.0 |       0 |      29 |   0.0 |  1192
           D:2 |       0 |     113 |   0.0 |       0 |      17 |   0.0 |  1037
           D:3 |       0 |     244 |   0.0 |       0 |      31 |   0.0 |  1205
           D:4 |       0 |    1141 |   0.0 |       0 |      32 |   0.0 |  1316
           D:5 |       0 |     973 |   0.0 |       0 |      17 |   0.0 |   922
           D:6 |       0 |     951 |   0.0 |       0 |       8 |   0.0 |   493
               +---------+---------+-------+---------+---------+-------+---------
